 Seeded DCSS version 0.29.1-15-g9cfb28693d (webtiles) character file.

Game seed: 10614821823285957353 (custom seed)

308786 Smoke131 the Warrior (level 21, -1/236 HPs)
             Began as an Ogre Gladiator on Feb 28, 2023.
             Was the Champion of Okawaru.
             Slain by a grey draconian monk (5 damage)
             ... summoned by old memories
             ... in a wizard's laboratory on Mar 1, 2023.
             The game lasted 03:24:47 (44837 turns).

Smoke131 the Warrior (Ogre Gladiator)              Turns: 44837, Time: 03:24:48

Health: -1/236     AC: 29    Str: 32    XL:     21   Next: 22%
Magic:  28/28      EV:  7    Int:  9    God:    Okawaru [******]
Gold:   1472       SH: 25    Dex: 10    Spells: 20/20 levels left

rFire   . . .      SeeInvis .   u - +4 broad axe (elec)
rCold   + + +      Faith    .   R - +8 tower shield {AC+3}
rNeg    + . .      Spirit   .   j - +8 ice dragon scales of a Thousand Violins {rElec rF- rC++ rN+}
rPois   +          Reflect  .   c - +2 hat
rElec   +          Harm     .   V - scarf {rC+ rF+}
rCorr   +          Rampage  .   (gloves unavailable)
Will    ++...                   (boots unavailable)
Stlth   ..........              l - amulet of regeneration
HPRegen 1.29/turn               M - ring of poison resistance
MPRegen 0.21/turn               z - ring of resist corrosion

@: no status effects
A: large, unfitting armour, tough skin 1
}: 2/15 runes: serpentine, barnacled
a: Renounce Religion, Heroism, Finesse, Duel


You were in a wizard's laboratory.
You worshipped Okawaru.
Okawaru was exalted by your worship.
You visited 8 branches of the dungeon, and saw 35 of its levels.
You visited the Abyss 1 time.
You also visited: Sewer and Wizlab.

You collected 4260 gold pieces.
You spent 2788 gold pieces at shops.

Inventory:

Hand Weapons
 u - a +4 broad axe of electrocution (weapon)
 N - the +5 broad axe of the Depths {pain, rC+ Will+ Dex+2}
   (Okawaru gifted it to you on level 1 of the Lair of Beasts)

   In the hands of one skilled in necromantic magic, it inflicts extra damage on
   living creatures.
   Dex:       It affects your dexterity (+2).
   rC:        It protects you from cold.
   Will:      It increases your willpower.
Missiles
 b - 9 silver boomerangs
 d - 11 throwing nets
 e - 57 large rocks
 o - 37 boomerangs (quivered)
 r - 6 silver javelins
 H - a curare-tipped dart
 I - 10 javelins
 Q - 8 atropa-tipped darts
 U - 6 boomerangs of dispersal
Armour
 c - a +2 hat (worn)
 j - the +8 ice dragon scales of a Thousand Violins (worn) {rElec rF- rC++ rN+}
   (You bought it in a shop on level 1 of the Dungeon)

   rF:        It makes you vulnerable to fire.
   rC:        It greatly protects you from cold.
   rElec:     It insulates you from electricity.
   rN:        It protects you from negative energy.
 D - a +2 cloak
 R - a +8 tower shield of protection (worn)
 V - a scarf of resistance (worn)
 Y - the +0 tower shield of Veivor {rF+ Int+3}
   (Okawaru gifted it to you on level 4 of the Shoals)

   Int:       It affects your intelligence (+3).
   rF:        It protects you from fire.
Jewellery
 l - an amulet of regeneration (around neck)
 p - a ring of positive energy
 s - a +6 ring of strength
 z - a ring of resist corrosion (right hand)
 M - a ring of poison resistance (left hand)
 W - an amulet of reflection
 Z - a +4 ring of protection
Wands
 a - a wand of iceblast (47)
 C - a wand of polymorph (20)
 E - a wand of paralysis (39)
 G - a wand of flame (5)
 J - a wand of mindburst (32)
 P - a wand of light (3)
 T - a wand of digging (13)
Scrolls
 f - 13 scrolls of teleportation
 q - 13 scrolls of identify
 t - a scroll of magic mapping
 x - 4 scrolls of enchant weapon
 y - 5 scrolls of fear
 A - 6 scrolls of amnesia
 B - 2 scrolls of vulnerability
 F - 6 scrolls of poison
 L - 4 scrolls of silence
 S - a scroll of brand weapon
Potions
 g - 4 potions of attraction
 h - 13 potions of curing
 i - 8 potions of flight
 k - a potion of lignification
 m - 2 potions of berserk rage
 n - 5 potions of brilliance
 v - a potion of haste
 w - 5 potions of might
 K - 2 potions of ambrosia
 O - 4 potions of resistance
 X - 2 potions of mutation


   Skills:
 + Level 19.8 Fighting
 - Level 18.0 Axes
 + Level 18.1 Throwing
 - Level 15.0 Armour
 - Level 3.0 Dodging
 - Level 15.0 Shields
 - Level 10.0 Invocations


You had 20 spell levels left.
You didn't know any spells.
Your spell library contained the following spells:

 Spells                   Type           Power      Damage    Failure   Level
 Apportation              Tloc           0%         N/A       89%         1
 Beastly Appendage        Tmut           0%         N/A       89%         1
 Foxfire                  Conj/Fire      0%         2x1d4     89%         1
 Magic Dart               Conj           0%         1d3       89%         1
 Necrotise                Necr           0%         1d4       89%         1
 Slow                     Hex            0%         N/A       89%         1
 Sting                    Tmut/Pois      0%         1d3       89%         1
 Poisonous Vapours        Pois/Air       0%         N/A       96%         2
 Searing Ray              Conj           0%         2d4       96%         2
 Sublimation of Blood     Necr           0%         N/A       96%         2
 Wereblood                Tmut           0%         N/A       96%         2
 Conjure Flame            Conj/Fire      0%         6-21      99%         3
 Dazzling Flash           Conj/Hex       0%         N/A       99%         3
 Gell's Gravitas          Tloc           0%         N/A       99%         3
 Ignite Poison            Fire/Tmut/Pois 0%         N/A       99%         3
 Mephitic Cloud           Conj/Pois/Air  0%         N/A       99%         3
 Ozocubu's Armour         Ice            0%         N/A       99%         3
 Portal Projectile        Hex/Tloc       0%         N/A       99%         3
 Spider Form              Tmut/Pois      0%         N/A       99%         3
 Stone Arrow              Conj/Erth      0%         3d7       99%         3
 Teleport Other           Tloc           0%         N/A       99%         3
 Corpse Rot               Necr/Pois/Air  0%         N/A       100%        4
 Fulminant Prism          Conj/Hex       0%         3d6       100%        4
 Hailstorm                Conj/Ice       0%         3d3       100%        4
 Ice Form                 Ice/Tmut       0%         N/A       100%        4
 Iskenderun's Mystic Bla  Conj/Tloc      0%         2d3       100%        4
 Olgreb's Toxic Radiance  Pois           0%         N/A       100%        4
 Sticky Flame             Conj/Fire      0%         2d3       100%        4
 Alistair's Intoxication  Tmut/Pois      0%         N/A       100%        5
 Freezing Cloud           Conj/Ice/Air   0%         6-21      100%        5
 Iskenderun's Battlesphe  Conj           0%         2d6       100%        5
 Metabolic Englaciation   Hex/Ice        0%         N/A       100%        5
 Dispersal                Tloc           0%         N/A       100%        6
 Eringya's Noxious Bog    Tmut/Pois      0%         N/A       100%        6
 Iron Shot                Conj/Erth      0%         9d1       100%        6
 Starburst                Conj/Fire      0%         6d3       100%        6
 Orb of Destruction       Conj           0%         9d5       100%        7
 Summon Small Mammal      Summ           Unusable   N/A       N/A         1
 Call Imp                 Summ           Unusable   N/A       N/A         2
 Summon Guardian Golem    Hex/Summ       Unusable   N/A       N/A         3
 Simulacrum               Ice/Necr       Unusable   N/A       N/A         6
 Spellforged Servitor     Conj/Summ      Unusable   N/A       N/A         7
 Summon Hydra             Summ           Unusable   N/A       N/A         7

Dungeon Overview and Level Annotations

Branches:
Dungeon (15/15)            Temple (1/1) D:6            Lair (5/5) D:8
 Shoals (4/4) Lair:3        Snake (4/4) Lair:3        Slime (0/5) Lair:5
    Orc (2/2) D:12            Elf (3/3) Orc:2        Vaults (1/5) D:14
 Depths (0/4) D:15          Sewer (visited)          WizLab (1/1)

Altars:
Ashenzari
Cheibriados
Dithmenos
Elyvilon
Fedhas
Gozag
Hepliaklqana
Kikubaaqudgha
Makhleb
Nemelex Xobeh
Okawaru
Qazlal
Ru
Sif Muna
Trog
Uskayaw
Vehumet
Wu Jian
Xom
Yredelemnul
Zin
The Shining One
Jiyva

Shops:
D:1 *[[   D:7 =   D:12 :   D:13 =   D:14 (   Orc:2 [=:(*   Elf:1 ?   Elf:2 (
Shoals:2 :[(=   Snake:4 *

Annotations:
D:7 1 transporter, croobank's ghost, novice OpDe
Lair:2 exclusion: oklob plant
Snake:4 6 transporters
Elf:2 2 runed translucent doors, dudediamond6's ghost, adept MiBe


Innate Abilities, Weirdness & Mutations

You are too large for most types of armour.
You have tough skin. (AC +1)


Message History

* * * LOW HITPOINT WARNING * * *
The grey draconian monk tail-slaps you but does no damage.
You block the grey draconian monk's attack.
The grey draconian monk kicks you!
* * * LOW HITPOINT WARNING * * *
The grey draconian monk tail-slaps you but does no damage.
You block the grey draconian monk's attack.
You miss the grey draconian monk.
The grey draconian monk is moderately wounded.
You hit the grey draconian monk.
You block the grey draconian monk's attack. x2
The grey draconian monk tail-slaps you but does no damage. x2
The grey draconian monk hits you but does no damage.
The grey draconian monk kicks you.
* * * LOW HITPOINT WARNING * * *
The grey draconian monk tail-slaps you!
* * * LOW HITPOINT WARNING * * *
The grey draconian monk tail-slaps you but does no damage.
You miss the grey draconian monk.
The grey draconian monk is moderately wounded.
You hit the grey draconian monk but do no damage.
Lightning courses through the grey draconian monk!
You block the grey draconian monk's attack.
The grey draconian monk kicks you but does no damage.
You block the grey draconian monk's attack. x3
The grey draconian monk barely misses you. x2
The grey draconian monk tail-slaps you.
* * * LOW HITPOINT WARNING * * *
You closely miss the grey draconian monk.
The grey draconian monk is moderately wounded.
You hit the grey draconian monk but do no damage.
You block the grey draconian monk's attack.
The grey draconian monk kicks you!
* * * LOW HITPOINT WARNING * * *
You block the grey draconian monk's attack.
The grey draconian monk tail-slaps you but does no damage.
The grey draconian monk hits you!!
* * * LOW HITPOINT WARNING * * *
The grey draconian monk kicks you.
You die...

♣ ♣♣♣ ♣♣ ♣♣♣♣.♣♣♣
.♣♣♣......♣♣ #####
....♣......♣##.q@##
............'..q..#
...........♣##...##
..8........♣ #####
.......♣.♣..♣
......♣♣♣♣♣♣♣
.....♣# #+++##


You could see 2 draconians.

Vanquished Creatures
  Bai Suzhen (Snake:3)
  Vashnia (Snake:2)
  A bone dragon (Abyss:3)
  Zenata (Elf:3)
  A shard shrike skeleton (Abyss:3)
  A titan (Shoals:3)
  2 deep elf blademasters (Elf:3)
  2 deep elf master archers (Elf:3)
  Polyphemus (Shoals:4)
  A tentacled starspawn (Abyss:3)
  A kraken (Shoals:4)
  5 nagarajas
  A frost giant (Shoals:3)
  Aizul (Snake:1)
  8 deep elf sorcerers
  A vault warden (Vaults:1)
  3 deep elf elementalists (Elf:3)
  2 vampire knights (D:15)
  4 deep elf demonologists (Elf:3)
  7 deep elf annihilators (Elf:3)
  The ghost of TheSexyCheese the Fighter, a journeyman BaFi of Gozag (Orc:2)
  4 entropy weavers
  A dire elephant (Lair:5)
  A fire dragon (Lair:5)
  3 deep elf death magi
  Snorg (Orc:1)
  Josephine (Orc:1)
  A merfolk javelineer (Shoals:4)
  6 merfolk impalers
  2 deep elf high priests (Elf:3)
  Harold (D:9)
  4 hydras
  A rakshasa (Abyss:3)
  An ironbound frostheart (Vaults:1)
  An ogre mage (D:11)
  5 boulder beetles
  16 anacondas
  5 salamander tyrants
  4 ghost crabs (Lair:4)
  2 alligator snapping turtles (Shoals:4)
  Erica (Orc:1)
  7 centaur warriors
  A fenstrider witch skeleton (Abyss:3)
  4 catoblepae
  6 satyrs
  4 merfolk avatars
  5 merfolk aquamancers
  A death knight (D:15)
  9 two-headed ogres
  10 death yaks
  28 dancing weapons
  14 naga warriors
  9 shock serpents
  The ghost of Arctor the Thaumaturge, a journeyman DEFE of Sif Muna (Lair:2)
  13 naga sharpshooters
  4 thrashing horrors (Abyss:3)
  Urug (Orc:2)
  2 wretched stars (Abyss:3)
  8 deep elf knights
  12 skeletal warriors
  5 salamander mystics
  23 sea snakes
  6 fire crabs (Lair:4)
  2 deep trolls (D:15)
  Nergalle (D:11)
  8 starcursed masses (Abyss:3)
  7 naga ritualists
  7 deep elf archers
  20 deep elf pyromancers
  A swamp dragon (Lair:5)
  An orange crystal statue (Elf:2)
  A wizard (D:14)
  10 harpies
  3 lindwurms (Snake:4)
  25 deep elf zephyrmancers
  23 ugly things
  18 fauns
  5 orc knights
  12 mana vipers
  An orc sorcerer (Orc:2)
  7 manticores
  8 cyclopes
  21 salamanders
  A worldbinder (Abyss:3)
  49 black mambas
  Maurice (D:8)
  14 elephants
  6 merfolk sirens
  A gargoyle (D:12)
  2 apocalypse crabs
  An elephant (shapeshifter) (D:14)
  8 guardian serpents
  15 naga magi
  2 water nymphs (shapeshifter)
  2 torpor snails
  A rime drake (Lair:4)
  2 smoke demons (Abyss:3)
  11 cane toads
  2 kobold demonologists (D:11)
  6 water nymphs
  3 demonic crawlers
  A yaktaur (shapeshifter) (D:14)
  4 yaktaurs
  An efreet (D:15)
  8 komodo dragons
  A tengu conjurer (D:15)
  7 trolls
  3 meliai (D:12)
  6 wind drakes
  A queen bee (D:12)
  10 polar bears
  39 merfolk
  A tarantella (D:14)
  Prince Ribbit (D:5)
  The ghost of Darius the Vexing, an amateur HOEn (D:4)
  A tarantella (shapeshifter) (D:14)
  18 blink frogs
  2 slime creatures (D:15)
  3 tyrant leeches (D:15)
  27 dream sheep
  10 snapping turtles
  7 raiju
  2 air elementals (Elf:3)
  2 shadows
  14 water elementals
  A vampire (D:15)
  8 wraiths
  A yak (shapeshifter) (Elf:1)
  16 humans
  3 wyverns
  44 yaks
  2 fire elementals (Elf:3)
  4 basilisks
  4 steam dragons
  13 vampire mosquitoes
  3 neqoxecs (Abyss:3)
  8 wargs
  3 acid dragons
  32 nagas
  14 hell hounds (Lair:5)
  20 water moccasins
  3 small abominations (Abyss:3)
  Pargi (Sewer)
  2 swamp drakes (Lair:5)
  44 orc warriors
  A sky beast (D:5)
  A black bear (shapeshifter) (Elf:2)
  3 ice beasts
  13 black bears
  11 ogres
  19 wolves
  3 boggarts (D:14)
  3 large abominations
  15 centaurs
  2 phantoms (D:5)
  2 kobold brigands (D:11)
  10 bullfrogs
  3 scorpions
  2 earth elementals
  21 killer bees (D:12)
  A howler monkey (D:9)
  4 electric eels (Lair:2)
  2 quasits (Abyss:3)
  A jelly (D:5)
  A hound (D:3)
  23 orc priests
  An iron imp (Abyss:3)
  6 iguanas
  19 orc wizards
  7 adders
  6 gnolls
  3 shadow imps
  2 white imps
  An ufetubus (D:6)
  3 worms
  2 dart slugs
  101 orcs
  8 ball pythons
  5 bats
  8 endoplasms
  5 giant cockroaches
  6 goblins
  8 hobgoblins
  3 jackals (D:5)
  11 kobolds
  2 quokkas
  10 frilled lizards
  9 rats
  2 bushes (Lair:5)
  4 starspawn tentacles (Abyss:3)
  3 tentacles (Shoals:4)
1360 creatures vanquished.

Vanquished Creatures (others)
  A tentacled starspawn (Abyss:3)
  A naga mage (Snake:3)
  An orc wizard (Orc:1)
  14 bushes (Lair:5)
  A demonic plant (Abyss:3)
  35 fungi
  A lurking horror (Abyss:3)
  244 plants
  8 starspawn tentacles (Abyss:3)
  5 tentacles (Shoals:4)
311 creatures vanquished.

Grand Total: 1671 creatures vanquished

Notes
Turn   | Place    | Note
-------+----------+-------------------------------------------
     0 | D:1      | Smoke131 the Ogre Gladiator began the quest for the Orb.
     0 | D:1      | Reached XP level 1. HP: 22/22 MP: 1/1
    28 | D:1      | Found Ginufishri's Armour Emporium.
   314 | D:1      | Reached skill level 3 in Fighting
   314 | D:1      | Reached XP level 2. HP: 30/31 MP: 2/2
   857 | D:1      | Found Qoduzi's Assorted Antiques.
  1066 | D:1      | Found a faded altar of an unknown god.
  1086 | D:1      | Reached XP level 3. HP: 31/37 MP: 3/3
  1233 | D:1      | Found Dybic's Antique Armour Boutique.
  1909 | D:2      | Reached XP level 4. HP: 48/48 MP: 4/4
  2453 | D:3      | Found a glowing drain.
  2497 | Sewer    | Entered a sewer
  2579 | Sewer    | Noticed Pargi
  2582 | Sewer    | Killed Pargi
  2583 | Sewer    | Reached skill level 4 in Fighting
  2583 | Sewer    | Reached skill level 1 in Shields
  2583 | Sewer    | Reached XP level 5. HP: 55/55 MP: 5/5
  2916 | D:3      | Reached XP level 6. HP: 51/65 MP: 6/6
  3146 | D:3      | Reached skill level 5 in Fighting
  3284 | D:3      | Found a glowing golden altar of the Shining One.
  3852 | D:1      | Bought a wizard robe for 108 gold pieces
  3852 | D:1      | Identified the +4 robe of Entitlement {rElec Regen+ Str+5}
                  | (You bought it in a shop on level 1 of the Dungeon)
  4021 | D:4      | Reached XP level 7. HP: 72/72 MP: 7/7
  4404 | D:4      | Reached skill level 6 in Fighting
  4404 | D:4      | Reached skill level 5 in Axes
  4423 | D:4      | Found a runed translucent door.
  4427 | D:4      | Noticed Darius's ghost (amateur HOEn)
  4579 | D:5      | Entered Level 5 of the Dungeon
  4728 | D:5      | Reached XP level 8. HP: 65/84 MP: 8/8
  5232 | D:5      | Reached skill level 5 in Throwing
  5454 | D:5      | Reached skill level 7 in Fighting
  5566 | D:6      | Noticed Prince Ribbit
  5609 | D:5      | Killed Prince Ribbit
  5610 | D:5      | Reached skill level 5 in Shields
  5610 | D:5      | Reached XP level 9. HP: 20/96 MP: 9/9
  5733 | D:5      | Reached skill level 8 in Fighting
  5986 | D:6      | Identified the +2 sling "Hoehaeq" {venom, rElec rF+ Will+}
  6084 | D:6      | Found a staircase to the Ecumenical Temple.
  6090 | Temple   | Entered the Ecumenical Temple
  6685 | D:7      | Found Jeomus's Jewellery Emporium.
  6765 | D:7      | Noticed a two-headed ogre
  6766 | D:7      | Noticed croobank's ghost (novice OpDe)
  6767 | D:7      | Found a transporter.
  6856 | D:7      | Reached skill level 9 in Fighting
  7295 | D:4      | Killed Darius's ghost
  7505 | D:8      | Noticed a troll
  7516 | D:8      | Killed a troll
  7517 | D:8      | Reached XP level 10. HP: 84/107 MP: 3/10
  7540 | D:8      | Found a staircase to the Lair.
  7614 | D:8      | Noticed Maurice
  7617 | D:8      | Killed Maurice
  7629 | D:8      | Got Naoqiete's Lectures on Vitiation
  7786 | D:8      | Reached skill level 10 in Fighting
  8097 | D:8      | Found a hazy altar of Hepliaklqana.
  8263 | D:9      | Found an iron altar of Okawaru.
  8271 | D:9      | Became a worshipper of Warmaster Okawaru
  8545 | D:9      | Reached skill level 1 in Invocations
  8553 | D:9      | Reached * piety under Okawaru
  8831 | D:9      | Found a stormy altar of Qazlal.
  8842 | D:9      | Found a white marble altar of Elyvilon.
  9154 | D:10     | Entered Level 10 of the Dungeon
  9169 | D:9      | Reached XP level 11. HP: 79/117 MP: 11/13
  9210 | D:10     | Reached ** piety under Okawaru
  9288 | D:10     | Noticed Harold
  9300 | D:10     | Noticed a two-headed ogre
  9359 | D:10     | Killed a two-headed ogre
  9395 | D:9      | Killed Harold
  9395 | D:9      | Reached *** piety under Okawaru
  9528 | D:10     | Found a glowing silver altar of Zin.
  9748 | D:10     | Found a sparkling altar of Nemelex Xobeh.
  9794 | D:10     | Found a sacrificial altar of Ru.
  9800 | D:10     | Identified the +7 falchion of Fragile Peace {pain, rPois
                  | rCorr MP+9 Str-5}
 10071 | D:11     | Noticed Nergalle
 10073 | D:11     | Killed Nergalle
 10073 | D:11     | Received a gift from Okawaru
 10195 | D:11     | Reached skill level 5 in Invocations
 10357 | D:11     | Noticed a boulder beetle
 10394 | D:11     | Received a gift from Okawaru
 10400 | D:11     | Killed a boulder beetle
 10401 | D:11     | Reached skill level 10 in Axes
 10637 | D:11     | Reached **** piety under Okawaru
 10648 | D:11     | Reached XP level 12. HP: 117/126 MP: 16/16
 10664 | D:11     | Reached skill level 10 in Throwing
 10768 | D:11     | Received a gift from Okawaru
 10930 | D:11     | Noticed an ogre mage
 10930 | D:11     | Noticed a two-headed ogre
 10930 | D:11     | Noticed a two-headed ogre
 10930 | D:11     | Noticed a two-headed ogre
 10930 | D:11     | Noticed a two-headed ogre
 10930 | D:11     | Noticed a two-headed ogre
 10930 | D:11     | Noticed a two-headed ogre
 10950 | D:11     | Killed a two-headed ogre
 10950 | D:11     | Killed a two-headed ogre
 10951 | D:11     | Reached skill level 10 in Shields
 10953 | D:11     | Killed a two-headed ogre
 10958 | D:11     | Killed a two-headed ogre
 10975 | D:11     | Killed a two-headed ogre
 10975 | D:11     | Reached ***** piety under Okawaru
 10990 | D:11     | Killed a two-headed ogre
 10997 | D:11     | Paralysed by something for 5 turns
 11003 | D:11     | Killed an ogre mage
 11387 | D:7      | Bought a ring of poison resistance for 260 gold pieces
 11434 | Lair:1   | Entered Level 1 of the Lair of Beasts
 11566 | Lair:1   | Reached skill level 10 in Invocations
 11574 | Lair:1   | Reached skill level 1 in Armour
 12072 | Lair:1   | Found the +8 demon trident "Rift" {distort, reach+}
 12101 | Lair:1   | Identified the +5 broad axe of the Depths {pain, rC+ Will+
                  | Dex+2} (Okawaru gifted it to you on level 1 of the Lair of
                  | Beasts)
 12101 | Lair:1   | Received a gift from Okawaru
 12283 | Lair:1   | Reached skill level 5 in Armour
 12473 | Lair:2   | Reached XP level 13. HP: 80/133 MP: 20/20
 13040 | Lair:2   | Found a runed translucent gate.
 13040 | Lair:2   | Found a runed translucent gate.
 13040 | Lair:2   | Found a runed translucent gate.
 13044 | Lair:2   | Noticed Arctor's ghost (journeyman DEFE)
 13084 | Lair:2   | Killed Arctor's ghost
 13657 | Lair:3   | Found a staircase to the Shoals.
 13684 | Lair:3   | Received a gift from Okawaru
 13954 | Lair:2   | Received a gift from Okawaru
 14165 | Lair:3   | Found a staircase to the Snake Pit.
 14340 | Lair:3   | Identified the +3 broad axe of the Warrior {vorpal, *Rage
                  | Dex+5} (Okawaru gifted it to you on level 3 of the Lair of
                  | Beasts)
 14340 | Lair:3   | Received a gift from Okawaru
 14442 | Lair:3   | Reached ****** piety under Okawaru
 15116 | Lair:4   | Reached skill level 10 in Armour
 15196 | Lair:4   | Received a gift from Okawaru
 15350 | Lair:4   | Found a runed translucent door.
 15398 | Lair:4   | Noticed an entropy weaver
 15416 | Lair:4   | Killed an entropy weaver
 15417 | Lair:4   | Reached XP level 14. HP: 43/143 MP: 21/21
 15499 | Lair:4   | Received a gift from Okawaru
 15545 | Lair:4   | Noticed an entropy weaver
 15878 | Lair:4   | Killed an entropy weaver
 15966 | Lair:4   | Noticed an entropy weaver
 15972 | Lair:4   | Killed an entropy weaver
 16030 | Lair:4   | Reached skill level 11 in Fighting
 16461 | Lair:5   | Entered Level 5 of the Lair of Beasts
 16632 | Lair:5   | Found a staircase to the Slime Pits.
 16632 | Lair:5   | Found a viscous altar of Jiyva.
 16920 | Lair:5   | HP: 6/148 [komodo dragon (26)]
 17067 | Lair:4   | Reached skill level 12 in Fighting
 17124 | Lair:5   | Received a gift from Okawaru
 17563 | Lair:5   | Reached XP level 15. HP: 116/158 MP: 22/22
 17569 | Lair:5   | Received a gift from Okawaru
 17675 | Lair:5   | Reached skill level 13 in Fighting
 17821 | Lair:5   | Identified the +1 leather armour of the Cartwright {+Blink}
 17972 | Lair:5   | Identified the +1 robe of the Desert {Dex+4} (Okawaru
                  | gifted it to you on level 5 of the Lair of Beasts)
 17972 | Lair:5   | Received a gift from Okawaru
 19364 | D:12     | Found Xizus's Book Boutique.
 20144 | D:12     | Reached skill level 14 in Fighting
 20343 | D:12     | Found a staircase to the Orcish Mines.
 20566 | Orc:1    | Entered Level 1 of the Orcish Mines
 20607 | Orc:1    | Noticed Erica
 20614 | Orc:1    | Killed Erica
 20903 | Orc:1    | Noticed Snorg
 20911 | Orc:1    | Killed Snorg
 21006 | Orc:2    | Entered Level 2 of the Orcish Mines
 21113 | Orc:2    | Found a staircase to the Elven Halls.
 21281 | Orc:2    | Noticed Urug
 21321 | Orc:2    | Killed Urug
 21321 | Orc:2    | Identified the +6 short sword of Tahiujupn {flame, rPois
                  | Int+5 Dex-5 Stlth+} (Okawaru gifted it to you on level 2 of
                  | the Orcish Mines)
 21321 | Orc:2    | Received a gift from Okawaru
 21446 | Orc:2    | Found Kymeotuq's Assorted Antiques.
 21742 | Orc:2    | Found Jiuggih's Jewellery Boutique.
 21742 | Orc:2    | Found Ziojot's Book Emporium.
 21744 | Orc:2    | Found Lanusu's Weapon Shoppe.
 21746 | Orc:2    | Found Lucwieps's Armour Shop.
 21865 | Orc:2    | Found a runed translucent door.
 21865 | Orc:2    | Found a shimmering altar of Xom.
 21865 | Orc:2    | Noticed TheSexyCheese's ghost (journeyman BaFi)
 21989 | Orc:1    | Noticed Josephine
 22066 | Orc:1    | Killed Josephine
 22621 | D:1      | Bought the +8 ice dragon scales of a Thousand Violins
                  | {rElec rF- rC++ rN+} for 1237 gold pieces
 22937 | Orc:2    | Bought a scarf of resistance for 320 gold pieces
 22957 | Orc:2    | Bought a ring of resist corrosion for 320 gold pieces
 23196 | D:13     | Found Neirue Biatt's Jewellery Emporium.
 23333 | D:13     | Reached skill level 15 in Fighting
 23365 | D:13     | Reached XP level 16. HP: 146/176 MP: 23/23
 23459 | D:13     | Got Sif Muna's Spellweaving for Beginners
 23545 | D:13     | Identified the +7 swamp dragon scales "Eniticyi" {rElec
                  | rPois Dex-5 Stlth+} (Okawaru gifted it to you on level 13
                  | of the Dungeon)
 23545 | D:13     | Received a gift from Okawaru
 23765 | D:14     | Found a gate to the Vaults.
 23926 | D:14     | Got the Compendium of Transposed Generation
 24236 | D:14     | Found a sacrificial altar of Ru.
 24571 | D:14     | Reached skill level 15 in Throwing
 24642 | D:14     | Found Louryrin's Weapon Shop.
 24939 | D:15     | Entered Level 15 of the Dungeon
 25422 | D:14     | Received a gift from Okawaru
 25511 | D:14     | Reached skill level 15 in Shields
 25878 | D:15     | Found a staircase to the Depths.
 25976 | D:15     | Found the +8 Vampire's Tooth {vamp}
 25989 | D:15     | Paralysed by a vampire knight for 5 turns
 26292 | Elf:1    | Entered Level 1 of the Elven Halls
 26400 | Elf:1    | Found Yrir's Magic Scroll Emporium.
 26474 | Elf:1    | Bought a scroll of brand weapon for 123 gold pieces
 26476 | Elf:1    | Bought a scroll of enchant weapon for 97 gold pieces
 26791 | Elf:1    | Received a gift from Okawaru
 27119 | Elf:1    | Reached XP level 17. HP: 170/184 MP: 24/24
 27366 | Elf:2    | Found Zuvet's Weapon Boutique.
 27430 | Elf:2    | Received a gift from Okawaru
 27430 | Elf:2    | Found the +4 robe of Folly {Brilliance Will-∞ Int+8}
 27912 | Elf:2    | Found a large runed translucent door.
 27914 | Elf:2    | Found a large runed translucent door.
 27916 | Elf:2    | Noticed dudediamond6's ghost (adept MiBe)
 28119 | Elf:2    | Found a runed translucent gate.
 28122 | Elf:2    | Found a runed translucent gate.
 28123 | Elf:2    | Found a runed translucent gate.
 29117 | Elf:3    | Entered Level 3 of the Elven Halls
 29183 | Elf:3    | Noticed Zenata
 29208 | Elf:3    | Killed Zenata
 29259 | Elf:3    | Paralysed by an air elemental for 1 turns
 29430 | Elf:3    | Paralysed by an air elemental for 1 turns
 29432 | Elf:3    | Paralysed by an air elemental for 1 turns
 29514 | Elf:3    | Noticed a deep elf blademaster
 29523 | Elf:3    | Received a gift from Okawaru
 29537 | Elf:3    | Killed a deep elf blademaster
 29568 | Elf:3    | Received a gift from Okawaru
 29578 | Elf:3    | Noticed a deep elf master archer
 29592 | Elf:3    | Killed a deep elf master archer
 29593 | Elf:3    | Reached XP level 18. HP: 135/193 MP: 25/25
 29760 | Elf:3    | Received a gift from Okawaru
 29826 | Elf:3    | Noticed a deep elf master archer
 29831 | Elf:3    | Killed a deep elf master archer
 29836 | Elf:3    | Identified the +2 long sword "Wuudop" {spect, *Rage rN+
                  | Stlth+}
 29844 | Elf:3    | Identified the +1 shadow dragon scales "Macehioch" {Regen+
                  | Str+3 Stlth++++}
 29844 | Elf:3    | Noticed a deep elf blademaster
 29868 | Elf:3    | Killed a deep elf blademaster
 29979 | Elf:3    | Identified the +5 quarterstaff "Hell-Harrower" {pain,
                  | Str+6}
 29984 | Elf:3    | Noticed a Tzitzimitl
 30176 | Elf:3    | Noticed a Tzitzimitl
 30632 | Elf:3    | Identified the ring of Hesorgh Itwy {rC- rCorr Str-5 Int+6
                  | Dex+3}
 30652 | Elf:3    | Got Sif Muna's Spellbook of Putrescence
 30685 | Elf:3    | Identified the +1 quarterstaff of Governance {vorpal, Will+
                  | Int+4}
 30932 | Abyss:3  | Cast into level 3 of the Abyss (a deep elf sorcerer)
 31197 | Abyss:3  | Noticed a bone dragon
 31234 | Abyss:3  | Killed a bone dragon
 31249 | Abyss:3  | Reached skill level 15 in Axes
 31362 | Elf:3    | Escaped the Abyss
 32012 | Snake:1  | Entered Level 1 of the Snake Pit
 32281 | Snake:1  | Received a gift from Okawaru
 33174 | Snake:2  | Noticed Aizul
 33190 | Snake:1  | Killed Aizul
 33259 | Snake:2  | Noticed Vashnia
 33644 | Snake:2  | Killed Vashnia
 33645 | Snake:2  | Reached XP level 19. HP: 135/201 MP: 26/26
 33932 | Snake:2  | Received a gift from Okawaru
 35153 | Snake:3  | Noticed Bai Suzhen
 35164 | Snake:3  | Killed Bai Suzhen
 35188 | Snake:3  | Identified the +1 tower shield "Levo Kik" {Slay+2} (Okawaru
                  | gifted it to you on level 3 of the Snake Pit)
 35188 | Snake:3  | Received a gift from Okawaru
 35393 | Snake:3  | Reached skill level 15 in Armour
 36312 | Snake:4  | Entered Level 4 of the Snake Pit
 36332 | Snake:4  | Found a transporter.
 36336 | Snake:4  | Found a transporter.
 36406 | Snake:4  | Found a transporter.
 36410 | Snake:4  | Found a transporter.
 37099 | Snake:4  | Identified the +3 flail "Fabon" {freeze, rElec rF+ rCorr}
 37233 | Snake:4  | Found Oroxke's General Store.
 37427 | Snake:4  | Found a transporter.
 37429 | Snake:4  | Found a transporter.
 37817 | Snake:4  | Identified the +9 war axe of Gyoptego {freeze, Contam rCorr
                  | Str+4 Int+3} (Okawaru gifted it to you on level 4 of the
                  | Snake Pit)
 37817 | Snake:4  | Received a gift from Okawaru
 38046 | Snake:4  | Reached skill level 16 in Fighting
 38124 | Snake:4  | Reached XP level 20. HP: 209/213 MP: 27/27
 38216 | Snake:4  | Got a serpentine rune of Zot
 38779 | Orc:2    | Received a gift from Okawaru
 38801 | Orc:2    | Killed TheSexyCheese's ghost
 39336 | Snake:4  | Bought a potion of haste for 190 gold pieces
 39336 | Snake:4  | Bought a potion of flight for 57 gold pieces
 39336 | Snake:4  | Bought a scroll of fear for 76 gold pieces
 39497 | Shoals:1 | Entered Level 1 of the Shoals
 40165 | Shoals:2 | Received a gift from Okawaru
 40194 | Shoals:2 | Reached skill level 17 in Fighting
 40304 | Shoals:2 | Found Taghovuan's Book Boutique.
 40314 | Shoals:2 | Found Yfeimp's Antique Armour Emporium.
 40614 | Shoals:2 | Found Ynuteud's Jewellery Boutique.
 40770 | Shoals:2 | Found Kozyuf's Antique Weapon Shoppe.
 41358 | Shoals:3 | Reached skill level 18 in Fighting
 41548 | Shoals:3 | Got the Quarto of the Excruciating Inferno
 41607 | Shoals:3 | Received a gift from Okawaru
 41725 | Shoals:3 | Received a gift from Okawaru
 42154 | Shoals:4 | Entered Level 4 of the Shoals
 42540 | Shoals:4 | Noticed Polyphemus
 42550 | Shoals:4 | Identified the +0 tower shield of Veivor {rF+ Int+3}
                  | (Okawaru gifted it to you on level 4 of the Shoals)
 42550 | Shoals:4 | Received a gift from Okawaru
 42768 | Shoals:4 | Reached skill level 19 in Fighting
 43015 | Shoals:4 | Reached XP level 21. HP: 227/234 MP: 28/28
 43221 | Shoals:4 | Killed Polyphemus
 43358 | Shoals:4 | Got a barnacled rune of Zot
 44239 | Vaults:1 | Entered Level 1 of the Vaults
 44427 | Vaults:1 | Found a magical portal.
 44436 | WizLab   | Entered Wucad Mu's Monastery
 44634 | WizLab   | HP: 9/236 [grey draconian monk[old memories] (17)]
 44837 | WizLab   | HP: 4/236 [grey draconian monk[old memories] (18)]
 44837 | WizLab   | Slain by a grey draconian monk

Illustrated notes

Levels and vault maps discovered:
D:1:      mainiacjoe_arrival_reflecting_pool, layout_loops_cross, serial_shops,
          shop_fountains, shop, shop_statue, dreamdust_ecumenical_altar_grove,
          minivault_24, due_unseen_surprise
D:2:      layout_basic, kennysheep_generic_room_15
D:3:      layout_basic, tso_altar, portal_sewer_entry_a
D:4:      layout_rooms, ebering_ghost_reflecting_pool
D:5:      layout_gridville
D:6:      layout_cave_pools, minmay_temple_entry_fiery, grunt_ministairs_15,
          kennysheep_nondescript, uniq_prince_ribbit1
D:7:      layout_loops_ring, gammafunk_ghost_smash, serial_shops, shop
D:8:      layout_loops_ring, lemuel_coloured_pillars_altar,
          erik_lair_orcish_takeover, uniq_maurice
D:9:      layout_stronghold, okawaru_gym_becter, amethyst_overflow_temple_binary
D:10:     layout_cave_pools, zin_academy, mainiacjoe_overflow_two_lobes,
          serial_column_ruins, column_ruins_grid_1, column_ruins_columns_corner,
          column_ruins_open_small, column_ruins_open_tiny,
          column_ruins_open_tiny, kennysheep_generic_room_11, uniq_harold
D:11:     layout_roguey [special_room_orc], special_room [special_room_orc],
          grunt_decor_arrowhead, uniq_nergalle
D:12:     layout_roguey [special_room_bee], minmay_orc_entry_temple_small,
          serial_shops, shop, david_defended_altar_orc
D:13:     layout_basic, serial_shops, shop_fountains
D:14:     layout_gridville, david_vaults_3, nicolae_ru_awakened_eye,
          serial_shops, shop, chequers_serial_rivers_micro_d, st_stairs_4
D:15:     hangedman_depths_entry_civil_slaughter, layout_rooms,
          minmay_guarded_unrand_vampires_tooth
Temple:   eino_temple_lava
Lair:1:   layout_chaotic_city
Lair:2:   layout_chaotic_city, ebering_ghost_rock_garden, serial_rivers,
          chequers_serial_rivers_micro_d, chequers_serial_rivers_micro_a,
          chequers_serial_rivers_small_a, chequers_serial_rivers_micro_c,
          chequers_serial_rivers_micro_c, chequers_serial_rivers_large_b,
          nicolae_lair_grove_arrangements, minmay_holes,
          nicolae_quartered_pool_super, lemuel_fruit_tree, serial_bayou_shore_a
Lair:3:   layout_gridlike, minmay_shoals_entry_lonely_mermaid,
          minmay_snake_entry_six_corridors, serial_bayou_shore_b
Lair:4:   gammafunk_mikee_crab_dinner, layout_loops_ring
Lair:5:   guppyfry_lair_end_dragon, layout_cave_pods,
          hangedman_lair_caniforms_friends, slime_entry_1, serial_forest,
          infiniplex_forest_lined_2, infiniplex_forest_lined_4_way,
          infiniplex_forest_lined_3, infiniplex_forest_straight_2,
          infiniplex_forest_pool, infiniplex_forest_end_2,
          infiniplex_forest_diagonal, infiniplex_forest_clump_C,
          grunt_forest_large_clearing_hut
Shoals:1: layout_shoals
Shoals:2: layout_shoals, serial_shops, shop, shop, nicolae_shop_statue_plus,
          shop, nicolae_shoals_shepherds
Shoals:3: cheibrodos_shoals_gigantism, layout_shoals
Shoals:4: shoals_end_hangedman, layout_shoals, uniq_polyphemus
Snake:1:  layout_onion, st_stairs_10
Snake:2:  layout_basic, uniq_aizul, uniq_vashnia
Snake:3:  layout_misc_corridors, evilmike_ambush [evilmike_ambush_outer_pillars,
          evilmike_ambush_inner_basic], uniq_bai_suzhen
Snake:4:  snake_pit_salamanders_mu, layout_cave_town, serial_shops,
          nicolae_shop_trees, serial_nicolae_subway,
          nicolae_sub_station_crystal, nicolae_sub_station_metal,
          nicolae_sub_station_stone
Orc:1:    layout_caves, basic_altar, nicolae_orc_tapped_out, uniq_erica,
          uniq_snorg, uniq_josephine
Orc:2:    st_orc_rangers, layout_caves, serial_shops,
          nicolae_shop_overgrown_old_shop, ebering_ghost_xom, uniq_urug
Elf:1:    layout_loops_ring, serial_shops, shop,
          hangedman_elven_crosses_minicolossus
Elf:2:    nicolae_elf_blades_splatter_lattice [nicolae_blade_bullseye],
          layout_rooms, ebering_ghost_disaster_area, serial_shops,
          nicolae_shop_behind_doors, st_stairs_12, nicolae_elf_big_sculpture_2,
          minivault_16
Elf:3:    grunt_elf_hall_spiral, layout_geoelf_grid,
          serial_sigils_hangedman_stare, einodemon_crawler_minivault,
          uniq_zenata
Vaults:1: mu_enter_wizlab_4, vaults_room_large_hall, hangedman_vaults_nails,
          ontoclasm_vaults_fire_temple, nicolae_vaults_little_squares_1,
          serial_ice_h, nicolae_vaults_circle_grid_a, ontoclasm_vaults_shuriken,
          v_misc_10, ontoclasm_vaults_pinch, nicolae_vaults_ring_of_whatevers,
          layout_vaults_omnibox
WizLab:   wizlab_wucad

Skill      XL: |  1  2  3  4  5  6  7  8  9 10 11 12 13 14 15 16 17 18 19 20 21 |
---------------+----------------------------------------------------------------+-----
Fighting       | 3 4 5 6 7 9 10 12 15 16 19 | 19.8
Dodging        | 3 |  3.0
Axes           | 4 5 6 7 9 10 11 13 16 18 | 18.0
Throwing       | 3 4 5 7 8 9 10 11 12 14 15 17 18 | 18.1
Shields        | 1 2 3 5 6 8 9 10 11 13 15 | 15.0
Invocations    | 2 6 10 | 10.0
Armour         | 5 10 12 14 15 | 15.0

Action                   |  1- 3 |  4- 6 |  7- 9 | 10-12 | 13-15 | 16-18 | 19-21 || total
-------------------------+-------+-------+-------+-------+-------+-------+-------++-------
Melee: War axe           |   103 |   158 |   280 |   486 |       |       |       ||  1027
       Punch             |     1 |       |       |       |       |       |       ||     1
       Broad axe         |       |       |       |    14 |  1083 |  1273 |  1348 ||  3718
Throw: Large rock        |       |     9 |    11 |    17 |   148 |   219 |   141 ||   545
       Boomerang         |       |       |    23 |    40 |   184 |    81 |   171 ||   499
       Stone             |       |       |    15 |       |       |       |       ||    15
       Javelin           |       |       |       |     6 |       |       |     3 ||     9
Invok: Heroism           |       |       |       |     2 |     3 |     8 |     7 ||    20
       Finesse           |       |       |       |     1 |     3 |     8 |     6 ||    18
  Use: Scroll            |       |     8 |     1 |    17 |    15 |     7 |    11 ||    59
       Potion            |       |       |       |     1 |     5 |     9 |    11 ||    26
 Stab: Sleeping          |     3 |       |       |       |       |       |       ||     3
       Petrified         |       |       |       |       |    27 |       |     6 ||    33
       Petrifying        |       |       |       |       |     2 |       |     1 ||     3
       Distracted        |       |       |       |       |       |       |     1 ||     1
Armor: Robe              |    41 |    60 |   128 |   109 |   315 |       |       ||   653
       Swamp dragon scal |       |       |       |       |   155 |       |       ||   155
       Ice dragon scales |       |       |       |       |    41 |   554 |   780 ||  1375
Dodge: Dodged            |    79 |    79 |   135 |   148 |   299 |   213 |   279 ||  1232
Block: Kite shield       |       |    10 |   140 |   223 |   145 |       |       ||   518
       Tower shield      |       |       |       |       |  1422 |  1619 |  1972 ||  5013
